[Event "Team 45 45 League T48"]
[Site "Internet Chess Club"]
[Date "2011.03.13"]
[Round "5"]
[White "Zugzwanged"]
[Black "makramkozman"]
[Result "0-1"]
[WhiteElo "1547"]
[BlackElo "1562"]
[Opening "Caro-Kann: Steinitz variation"]
[ECO "B17"]
[Time "10:00:40"]
[TimeControl "2700+45"]

1. e4 c6 2. d4 d5 3. Nc3 dxe4 4. Nxe4 Nd7 5. Nf3 Ngf6 6. Bd3 e6 7. Bf4 Nxe4 8.
Bxe4 Nf6 9. Bd3 Qb6 10. b3 c5 11. Be3 Bd7 12. O-O O-O-O 13. Qe2 h5 14. Rfc1 Nd5
15. dxc5 Bxc5 16. Bxc5 Qxc5 17. g3 f6 18. c4 Nb4 19. Bg6 e5 20. a3 Nc6 21. b4
Qf8 22. Qe3 Bg4 23. b5 Nd4 24. Nxd4 Rxd4 25. f3 Qc5 26. Kg2 Rhd8 27. Rc2 Rd2+
28. Qxd2 Rxd2+ 29. Rxd2 Be6 30. Rad1 Kc7 31. Be4 g5 32. Bd5 Bf5 33. a4 Bg6 34.
Be6 Be8 35. Rd8 Qe7 36. Rc8+ Kb6 37. Bd5 g4 38. Rb8 gxf3+ 39. Bxf3 e4 40. Re1
exf3+ 41. Kf2 Qc5+ 42. Kxf3 Qf5+ 43. Kg2 Qc2+ 44. Kg1 Bd7 45. Rf1 Bh3 {White
forfeits on time} 0-1

[Event "Team 45 45 League T48"]
[Site "Internet Chess Club"]
[Date "2011.03.13"]
[Round "5"]
[White "cdir"]
[Black "zigzag2002"]
[Result "0-1"]
[WhiteElo "1514"]
[BlackElo "1748"]
[Opening "Sicilian: Alapin's variation (2.c3)"]
[ECO "B22"]
[Time "10:27:44"]
[TimeControl "2700+45"]

1. e4 c5 2. c3 d5 3. exd5 Qxd5 4. d4 Nc6 5. Nf3 cxd4 6. Nxd4 Nxd4 7. Qxd4 Qxd4
8. cxd4 g6 9. Bb5+ Bd7 10. Bxd7+ Kxd7 11. O-O Bg7 12. Rd1 e6 13. Nc3 Ne7 14. Bf4
Rad8 15. Rac1 Ke8 16. Be3 Nc6 17. d5 Bxc3 18. Rxc3 exd5 19. Re1 Kd7 20. Rd3 Kc8
21. Red1 Nb4 22. Rc3+ Kb8 23. a3 Nc6 24. Rcd3 Ne7 25. Bf4+ Ka8 26. Bg5 Rhe8 27.
Kf1 a6 28. Bxe7 Rxe7 29. Rxd5 Rxd5 30. Rxd5 Kb8 31. f4 b5 32. Kf2 Kb7 33. Kf3
Kc6 34. Rd2 Kc5 35. Rc2+ Kb6 36. g4 Ka5 37. Rc3 Ka4 38. h4 a5 39. g5 b4 40. Rd3
bxa3 41. Rxa3+ Kb4 42. Kg4 a4 43. h5 Re2 44. hxg6 fxg6 45. Rh3 Rxb2 46. Rxh7 a3
47. Ra7 a2 48. Rb7+ Kc3 49. Rc7+ Kd2 50. Rd7+ Kc1 51. Rc7+ Kb1 52. Ra7 a1=Q 53.
Rxa1+ Kxa1 54. f5 Rb4+ 55. Kf3 gxf5 56. Kg3 Rg4+ {White resigns} 0-1

[Event "Team 45 45 League T48"]
[Site "Internet Chess Club"]
[Date "2011.03.13"]
[Round "5"]
[White "sbaker831"]
[Black "chess-fan"]
[Result "1-0"]
[WhiteElo "1649"]
[BlackElo "1405"]
[Opening "Queen's pawn game, Chigorin variation"]
[ECO "D02"]
[Time "23:00:13"]
[TimeControl "2700+45"]

1. Nf3 d5 2. d4 Nc6 3. g3 Nf6 4. Bg2 Bf5 5. O-O Qd7 6. c4 Bh3 7. Qb3 Rb8 8. cxd5
Na5 9. Qc2 Bxg2 10. Kxg2 Nxd5 11. e4 Nf6 12. Bf4 Qc6 13. Qxc6+ bxc6 14. Bxc7 Rb5
15. Nc3 Rh5 16. e5 Nc4 17. exf6 gxf6 18. Rfe1 Bh6 19. b3 Nb6 20. Re4 Rg8 21. Rh4
Rxh4 22. Nxh4 Bg5 23. Nf3 Bh6 24. Re1 f5 25. Bd6 Nc8 26. Bb4 f6 27. Re6 Kd7 28.
Re2 e6 29. Na4 Re8 30. Nc5+ Kc7 31. Rxe6 Rxe6 32. Nxe6+ {Black resigns} 1-0

[Event "Team 45 45 League T48"]
[Site "Internet Chess Club"]
[Date "2011.03.14"]
[Round "5"]
[White "kid6988"]
[Black "ScotchYeti"]
[Result "0-1"]
[WhiteElo "1630"]
[BlackElo "1631"]
[Opening "Sicilian: Kan, 5.Nc3"]
[ECO "B43"]
[Time "15:30:12"]
[TimeControl "2700+45"]

1. e4 c5 2. Nf3 e6 3. d4 cxd4 4. Nxd4 a6 5. Nc3 Qc7 6. Qd3 b5 7. Be3 Bb7 8. a3
Nf6 9. Bg5 Be7 10. f3 O-O 11. Qe3 d6 12. Bd3 Nbd7 13. Bxf6 Bxf6 14. O-O Ne5 15.
Rad1 Qc5 16. Be2 Nc6 17. Kh1 Bxd4 18. Qd3 Rfd8 19. f4 Bxc3 20. Qxc3 Qxc3 21.
bxc3 Na5 22. Rd2 Bxe4 {White resigns} 0-1

[Event "Team 45 45 League T48"]
[Site "Internet Chess Club"]
[Date "2011.03.11"]
[Round "5"]
[White "cepheid"]
[Black "Deadly-Spike"]
[Result "1-0"]
[WhiteElo "1651"]
[BlackElo "1404"]
[Opening "Sicilian: Alapin's variation (2.c3)"]
[ECO "B22"]
[Time "23:00:46"]
[TimeControl "2700+45"]

1. e4 c5 2. c3 d6 3. d4 cxd4 4. cxd4 Nf6 5. Nc3 e6 6. Nf3 Be7 7. Be3 O-O 8. Be2
Nc6 9. O-O Ng4 10. Bd2 Qb6 11. Na4 Qd8 12. Rc1 Bf6 13. h3 Nh6 14. Bxh6 gxh6 15.
Nc3 Qb6 16. Nb5 a6 17. Nxd6 Nxd4 18. Nc4 Nxe2+ 19. Qxe2 Qb5 20. e5 Bg7 21. Nd4
Qa4 22. b3 Qb4 23. a3 Qe7 24. Nb6 Rb8 25. b4 a5 26. Nb5 axb4 27. Rc7 Qg5 28. f4
Qg6 29. axb4 Rd8 30. Rfc1 {Black resigns} 1-0

[Event "Team 45 45 League T48"]
[Site "Internet Chess Club"]
[Date "2011.03.13"]
[Round "5"]
[White "musk6868"]
[Black "LazyPeon"]
[Result "0-1"]
[WhiteElo "1907"]
[BlackElo "1752"]
[Opening "QGD semi-Slav: 5...Nd7"]
[ECO "D45"]
[Time "07:30:36"]
[TimeControl "2700+45"]

1. d4 d5 2. Nf3 Nf6 3. c4 c6 4. e3 e6 5. Nc3 Nbd7 6. Bd2 dxc4 7. Bxc4 b5 8. Bd3
Bb7 9. O-O b4 10. Na4 Bd6 11. Qe2 Qe7 12. Rfc1 O-O 13. b3 Rac8 14. Ba6 Nb8 15.
Bxb7 Qxb7 16. e4 Be7 17. Nc5 Bxc5 18. dxc5 Qb5 19. Qe3 Rfd8 20. Rc4 a5 21. h4
Nbd7 22. Nd4 Qb8 23. f4 e5 24. Nf5 exf4 25. Qf2 Qe5 26. Re1 Nxe4 27. Nh6+ gxh6
28. Rexe4 Qa1+ 29. Rc1 Qg7 30. Rxf4 Ne5 31. Qe3 Nd3 32. Rcf1 Nxf4 33. Rxf4 Re8
34. Qf3 Qa1+ 35. Kh2 Qe5 36. Qg4+ Kh8 37. Qf3 Rcd8 38. Bc1 f6 39. Kh3 Qc3 40.
Qxc3 bxc3 41. Rxf6 Rd1 42. Bxh6 c2 43. Rxc6 c1=Q 44. Bxc1 Rxc1 45. a3 Rc3+ 46.
Kg4 Rxb3 {White resigns} 0-1

[Event "Team 45 45 League T48"]
[Site "Internet Chess Club"]
[Date "2011.03.10"]
[Round "5"]
[White "room-matt"]
[Black "katikus"]
[Result "1/2-1/2"]
[WhiteElo "1658"]
[BlackElo "1627"]
[Opening "Caro-Kann: Goldman (Spielmann) variation"]
[ECO "B11"]
[Time "14:36:38"]
[TimeControl "2700+45"]

1. e4 c6 2. Nc3 d5 3. Qf3 dxe4 4. Nxe4 Nd7 5. d4 Ngf6 6. Bc4 e6 7. Bg5 Qa5+ 8.
Bd2 Qb6 9. Bc3 Bb4 10. O-O-O Nxe4 11. Qxe4 Bxc3 12. bxc3 Nf6 13. Qe5 O-O 14. Bb3
Nd5 15. Ne2 a5 16. a4 Qd8 17. h4 b5 18. Rd3 Qf6 19. Qxf6 Nxf6 20. Re3 bxa4 21.
Bxa4 Ba6 22. Kd2 Nd5 23. Re5 Rfc8 24. g3 Bxe2 25. Rxe2 Nb6 26. Bb3 c5 27. Ba2
cxd4 28. cxd4 Nc4+ 29. Kd3 Nb2+ 30. Kd2 Nc4+ 31. Kd3 Nb2+ 32. Kd2 Nc4+ 33. Kd3
Nb2+ {Game drawn by repetition} 1/2-1/2

[Event "Team 45 45 League T48"]
[Site "Internet Chess Club"]
[Date "2011.03.14"]
[Round "5"]
[White "whiskeytown"]
[Black "ticopatzer"]
[Result "0-1"]
[WhiteElo "1455"]
[BlackElo "1617"]
[Opening "Scotch: Mieses variation"]
[ECO "C45"]
[Time "19:00:40"]
[TimeControl "2700+45"]

1. e4 e5 2. Nf3 Nc6 3. d4 exd4 4. Nxd4 Nf6 5. Nxc6 bxc6 6. e5 Qe7 7. Qe2 Nd5 8.
c4 Nb6 9. b3 g6 10. Bb2 Bg7 11. Nd2 O-O 12. Rb1 Re8 13. Nf3 Qb4+ 14. Qd2 Qc5 15.
Bd4 Qa3 16. Be2 d5 17. exd6 Bxd4 18. Nxd4 Qxd6 19. Rb2 Bg4 20. f3 Bd7 21. O-O
Qc5 22. Kh1 Rad8 23. b4 Qe5 24. f4 Qf6 25. Nf3 Bg4 26. Qc1 Bxf3 27. Rxf3 Rd1+
28. Qxd1 Qxb2 29. Rf2 Nxc4 30. Kg1 Nd6 31. Bf3 Qxb4 32. Re2 Rxe2 33. Qxe2 Qxf4
34. Bxc6 Qc1+ 35. Kf2 Qxc6 36. Qe7 Qb6+ 37. Kf3 c5 38. Qf6 c4 39. Ke2 Qc5 40.
Kd1 c3 41. Kc2 Nb5 42. h4 Na3+ 43. Kc1 Qg1+ {White resigns} 0-1

[Event "Team 45 45 League T48"]
[Site "Internet Chess Club"]
[Date "2011.03.11"]
[Round "5"]
[White "rookmaster23"]
[Black "tightfist"]
[Result "1-0"]
[WhiteElo "1490"]
[BlackElo "1592"]
[Opening "QGD"]
[ECO "D52"]
[Time "20:01:18"]
[TimeControl "2700+45"]

1. d4 d5 2. c4 e6 3. Nc3 Nf6 4. Nf3 c6 5. Bg5 Nbd7 6. e3 Be7 7. Bd3 O-O 8. O-O
c5 9. dxc5 Nxc5 10. cxd5 Nxd3 11. Qxd3 Nxd5 12. Bxe7 Nxe7 13. Qxd8 Rxd8 14. Rfd1
Bd7 15. Ne5 Be8 16. Ne4 f6 17. Nc4 b6 18. Rd6 Bf7 19. Rad1 Nc6 20. R1d2 Rxd6 21.
Rxd6 Rd8 22. a3 e5 23. Rxd8+ Nxd8 24. Ncd6 Bb3 25. Nc8 Nc6 26. Ned6 Ba4 27. Kf1
b5 28. Ke1 g6 29. Kd2 Kg7 30. Kc3 f5 31. b3 Bxb3 32. Kxb3 a6 33. Ne8+ Kf7 34.
Nc7 Nb8 35. Kb4 g5 36. Ka5 h5 37. Nxa6 Nd7 38. Kxb5 Nf6 39. Nc5 Ng4 40. a4 Nxf2
41. a5 Nd1 42. Nd6+ Kf6 43. Nc4 Nc3+ 44. Kc6 f4 45. e4 g4 46. a6 f3 47. gxf3
gxf3 48. a7 Kg5 49. a8=Q Kf4 50. Qf8+ Kg4 51. Nxe5+ Kh4 52. Qf4+ Kh3 53. Qg3#
{Black checkmated} 1-0

[Event "Team 45 45 League T48"]
[Site "Internet Chess Club"]
[Date "2011.03.13"]
[Round "5"]
[White "andrew32"]
[Black "Rookmaster"]
[Result "1-0"]
[WhiteElo "1417"]
[BlackElo "1646"]
[Opening "Sicilian: Najdorf, Opocensky variation"]
[ECO "B92"]
[Time "16:15:18"]
[TimeControl "2700+45"]

1. e4 c5 2. Nf3 d6 3. d4 cxd4 4. Nxd4 Nf6 5. Nc3 a6 6. Be2 Nc6 7. Be3 e6 8. O-O
Bd7 9. f4 Nxd4 10. Bxd4 e5 11. fxe5 dxe5 12. Bxe5 Bc5+ 13. Kh1 Qb6 14. Bxf6 gxf6
15. Nd5 Qxb2 16. Nxf6+ Kf8 17. Nxd7+ Kg7 18. Nxc5 Rad8 19. Bd3 h5 20. Qf3 {Black
resigns} 1-0

[Event "Team 45 45 League T48"]
[Site "Internet Chess Club"]
[Date "2011.03.12"]
[Round "5"]
[White "Theodulf"]
[Black "isolani"]
[Result "1-0"]
[WhiteElo "1610"]
[BlackElo "1499"]
[Opening "Sicilian: Alapin's variation (2.c3)"]
[ECO "B22"]
[Time "10:03:01"]
[TimeControl "2700+45"]

1. e4 c5 2. c3 Nc6 3. d4 cxd4 4. cxd4 Qb6 5. Nf3 Nf6 6. Nc3 g6 7. e5 Ng8 8. Bc4
Bg7 9. Nd5 Qd8 10. Bf4 e6 11. Nc3 Nge7 12. Qd2 O-O 13. O-O-O Na5 14. Be2 Qc7 15.
Kb1 Nc4 16. Bxc4 Qxc4 17. Ne4 Nd5 18. Rc1 Qb4 19. Qxb4 Nxb4 20. Bg5 b6 21. Be7
{Black resigns} 1-0

[Event "Team 45 45 League T48"]
[Site "Internet Chess Club"]
[Date "2011.03.13"]
[Round "5"]
[White "Invicta-Knight"]
[Black "PANAMA-REY"]
[Result "1-0"]
[WhiteElo "1563"]
[BlackElo "1368"]
[Opening "Center game"]
[ECO "C22"]
[Time "10:17:13"]
[TimeControl "2700+45"]

1. e4 e5 2. d4 exd4 3. Qxd4 c5 4. Qe3 d6 5. Nc3 Nf6 6. Bd2 Be7 7. f4 Nc6 8. Be2
Nd4 9. O-O-O O-O 10. h3 Bd7 11. Bd3 b5 12. Nf3 Nxf3 13. gxf3 b4 14. Ne2 a5 15.
e5 Nd5 16. Qe4 Nb6 17. Qxh7# {Black checkmated} 1-0

[Event "Team 45 45 League T48"]
[Site "Internet Chess Club"]
[Date "2011.03.12"]
[Round "5"]
[White "bobhill"]
[Black "pestka"]
[Result "0-1"]
[WhiteElo "1998"]
[BlackElo "2345"]
[Opening "Torre attack (Tartakower variation)"]
[ECO "D03"]
[Time "23:05:38"]
[TimeControl "2700+45"]

1. d4 d5 2. Nf3 Nf6 3. Bg5 Ne4 4. Bf4 c5 5. e3 Qb6 6. Nbd2 Nxd2 7. Nxd2 cxd4 8.
exd4 Qxb2 9. Rb1 Qxd4 10. Bxb8 Rxb8 11. Bb5+ Bd7 12. Bxd7+ Kxd7 13. O-O e6 14.
Qe2 Bd6 15. Nf3 Qe4 16. Qb5+ Ke7 17. Rfe1 Qc4 18. Qb2 f6 19. Nd4 Be5 20. Qa3+
Kf7 21. Nf3 Bc3 22. Red1 Rhc8 23. Qxa7 Qa6 24. Qb6 Qxb6 25. Rxb6 Rc6 26. Rb3 b5
27. Rdb1 e5 28. Rxb5 Rxb5 29. Rxb5 e4 30. Nh4 Bd4 31. Nf5 Rxc2 32. Rb7+ Kg6 33.
g4 Bxf2+ 34. Kf1 Kg5 35. Rxg7+ Kf4 36. Kg2 Bg3+ 37. Kf1 Bf2 38. Kg2 Bg3+ 39. Kf1
Bxh2 40. a4 h5 41. Ne7 hxg4 42. Nxd5+ Kf3 43. Ke1 e3 44. Nxe3 Re2+ 45. Kd1 Rxe3
46. a5 Ra3 47. Rf7 Be5 48. Rb7 Rxa5 49. Rb3+ Kf2 50. Rd3 Ra1+ 51. Kc2 Re1 52.
Rd8 g3 53. Kd2 g2 54. Rg8 Bf4+ {White resigns} 0-1

[Event "Team 45 45 League T48"]
[Site "Internet Chess Club"]
[Date "2011.03.13"]
[Round "5"]
[White "eurander"]
[Black "bgolev"]
[Result "1-0"]
[WhiteElo "2141"]
[BlackElo "1847"]
[Opening "Ruy Lopez: Wormald (Alapin) attack"]
[ECO "C77"]
[Time "12:02:38"]
[TimeControl "2700+45"]

1. e4 e5 2. Nf3 Nc6 3. Bb5 a6 4. Ba4 Nf6 5. Qe2 b5 6. Bb3 Be7 7. c3 O-O 8. O-O
d5 9. d3 d4 10. cxd4 Nxd4 11. Nxd4 Qxd4 12. Be3 Qd6 13. Nc3 Be6 14. Bxe6 Qxe6
15. Rfd1 c5 16. Bg5 Nd7 17. Bxe7 Qxe7 18. Nd5 Qd6 19. Rac1 f5 20. Rc2 f4 21. f3
Rfd8 22. Rdc1 Rac8 23. Qf2 Rc6 24. g3 Nb6 25. Rxc5 Rxc5 26. Rxc5 fxg3 27. hxg3
Nxd5 28. Rxd5 Qc7 29. Rxd8+ Qxd8 30. Qc2 Qd4+ 31. Kg2 Qd6 32. a3 h6 33. Qc3 Kh7
34. Kf2 Qb6+ 35. Ke2 Qd6 36. Ke3 h5 37. b4 h4 38. gxh4 Qh6+ 39. Ke2 Qf4 40. Qe1
Qh2+ 41. Qf2 Qf4 42. d4 exd4 43. Qxd4 Qh2+ 44. Qf2 Qf4 45. h5 Qc1 46. Qe3 Qb2+
47. Kf1 Qh2 48. Qg5 Qd6 49. Qg6+ {Black resigns} 1-0

[Event "Team 45 45 League T48"]
[Site "Internet Chess Club"]
[Date "2011.03.13"]
[Round "5"]
[White "Beetlejuice"]
[Black "MarkNY"]
[Result "1/2-1/2"]
[WhiteElo "1802"]
[BlackElo "1681"]
[Opening "King's Indian, 3.Nf3"]
[ECO "E90"]
[Time "15:06:44"]
[TimeControl "2700+45"]

1. d4 Nf6 2. c4 g6 3. Nf3 Bg7 4. Nc3 O-O 5. e4 d6 6. h3 Nc6 7. Be3 e5 8. d5 Ne7
9. g4 c6 10. Be2 cxd5 11. cxd5 Nd7 12. Nd2 f5 13. gxf5 gxf5 14. f3 f4 15. Bf2 a6
16. b4 Bf6 17. Nc4 Qc7 18. Rc1 b5 19. Na5 Qd8 20. a4 bxa4 21. Nxa4 Rb8 22. Nc6
Nxc6 23. dxc6 Rxb4 24. cxd7 Qxd7 25. Nb6 Qb7 26. Qxd6 Be7 27. Qc7 Qxc7 28. Rxc7
Rb1+ 29. Bd1 Rd8 30. Ke2 Rb2+ 31. Bc2 Bd6 32. Na4 Ra2 33. Rc6 Be6 34. Rb1 Bxh3
35. Ke1 Be6 36. Rd1 Bb4+ 37. Kf1 Rxd1+ 38. Bxd1 Bd7 39. Rb6 Bxa4 40. Be2 Ra1+
41. Kg2 a5 42. Bc4+ Kg7 43. Re6 Bc3 44. Bc5 Bc2 45. Re7+ Kh6 46. Bg8 a4 47.
Rxh7+ Kg6 48. Rc7 Bb3 49. Bh7+ Kh5 50. Bf5 Bg8 51. Rc8 Bd4 52. Bxd4 exd4 53.
Rxg8 a3 54. Ra8 d3 55. e5 d2 56. Bc2 Kg5 57. Kf2 d1=Q 58. Bxd1 Rxd1 59. Rxa3
Rd2+ 60. Ke1 Rd5 {Game drawn by mutual agreement} 1/2-1/2

[Event "Team 45 45 League T48"]
[Site "Internet Chess Club"]
[Date "2011.03.11"]
[Round "5"]
[White "tourettes"]
[Black "room-matt"]
[Result "1-0"]
[WhiteElo "1523"]
[BlackElo "1635"]
[Opening "Ruy Lopez: Bird's defense"]
[ECO "C61"]
[Time "14:44:10"]
[TimeControl "2700+45"]

1. e4 e5 2. Nf3 Nc6 3. Bb5 Nd4 4. Nxd4 exd4 5. d3 c6 6. Bc4 Bc5 7. Nd2 Nf6 8.
Nf3 d5 9. exd5 Nxd5 10. O-O O-O 11. a3 Re8 12. Bg5 f6 13. Bh4 b5 14. Bb3 a5 15.
Bg3 a4 16. Ba2 Be6 17. Qd2 Bb6 18. h3 Ba5 19. Qd1 c5 20. Nd2 Kh8 21. Ne4 Qb6 22.
Qf3 Rf8 23. Bd6 Rfc8 24. Bg3 Qc6 25. Nd6 Rd8 26. Nf5 Qd7 27. Nd6 Qc6 28. Ne4 Bc7
29. Rfe1 Bxg3 30. Nxg3 Rac8 31. Re2 Bg8 32. Rae1 Ne7 33. Qxc6 Nxc6 34. Bxg8 Rxg8
35. Ne4 Ne5 36. Nd6 Rc7 37. Nxb5 Rd7 38. f4 Ng6 39. g3 h5 40. c4 h4 41. Kg2 Kh7
42. Re4 f5 43. Re6 Rdd8 44. Ra6 Rge8 45. Ree6 Rxe6 46. Rxe6 Rd7 47. Kf3 hxg3 48.
Kxg3 Re7 49. Rxe7 Nxe7 50. Nc7 Kg6 51. Na6 Nc8 52. Nxc5 Nb6 53. Ne6 Nd7 54. Nxd4
Nc5 55. h4 Nxd3 56. b4 axb3 57. Nxb3 Nb2 58. c5 Nc4 59. a4 Kf6 60. a5 Na3 61.
Nd4 {Black resigns} 1-0

[Event "Team 45 45 League T48"]
[Site "Internet Chess Club"]
[Date "2011.03.12"]
[Round "5"]
[White "ben622"]
[Black "Terte"]
[Result "0-1"]
[WhiteElo "2013"]
[BlackElo "2074"]
[Opening "Sicilian: accelerated fianchetto, modern variation with Bc4"]
[ECO "B35"]
[Time "12:07:49"]
[TimeControl "2700+45"]

1. e4 c5 2. Nf3 Nc6 3. d4 cxd4 4. Nxd4 g6 5. Nc3 Bg7 6. Be3 Nf6 7. Bc4 O-O 8.
Bb3 a5 9. f3 d5 10. Bxd5 Nxd5 11. Nxd5 e6 12. Nxc6 bxc6 13. Nb6 Rb8 14. Qxd8
Rxd8 15. Rb1 Ba6 16. b3 Bd4 17. Bxd4 Rxd4 18. Na4 Rxa4 19. Rb2 Rd4 {White
resigns} 0-1

[Event "Team 45 45 League T48"]
[Site "Internet Chess Club"]
[Date "2011.03.13"]
[Round "5"]
[White "nightly"]
[Black "azbycx"]
[Result "1/2-1/2"]
[WhiteElo "1857"]
[BlackElo "1891"]
[Opening "English opening"]
[ECO "A05"]
[Time "22:59:58"]
[TimeControl "2700+45"]

1. Nf3 Nf6 2. c4 g6 3. g3 Bg7 4. Bg2 O-O 5. O-O c5 6. Nc3 d5 7. cxd5 Nxd5 8.
Nxd5 Qxd5 9. d3 Nc6 10. Nd2 Qd7 11. Ne4 b6 12. Rb1 Bb7 13. a3 Rfd8 14. Be3 Qc7
15. Qa4 Nd4 16. Rfe1 Bc6 17. Qc4 Bd5 18. Nf6+ Bxf6 19. Bxd5 Rac8 20. Bxf7+ Kg7
21. Bd5 b5 22. Qa2 Nc2 23. Red1 Qe5 24. Be4 Nxe3 25. fxe3 Bg5 26. Rf1 Bxe3+ 27.
Kg2 Rf8 28. Rf3 Rxf3 29. Bxf3 Rd8 30. Rf1 Rf8 31. b4 Rf6 32. Qd5 {Game drawn by
mutual agreement} 1/2-1/2

[Event "Team 45 45 League T48"]
[Site "Internet Chess Club"]
[Date "2011.03.12"]
[Round "5"]
[White "futureGM"]
[Black "poni"]
[Result "1/2-1/2"]
[WhiteElo "1849"]
[BlackElo "1958"]
[Opening "Pirc defense"]
[ECO "B07"]
[Time "12:03:54"]
[TimeControl "2700+45"]

1. e4 d6 2. d4 Nf6 3. Nc3 e5 4. dxe5 dxe5 5. Qxd8+ Kxd8 6. Nf3 Bd6 7. Ng5 Ke7 8.
Bc4 Rf8 9. Nd5+ Nxd5 10. Bxd5 h6 11. Nf3 c6 12. Bb3 Na6 13. Be3 Bg4 14. Nd2 Bc5
15. Nc4 Bxe3 16. Nxe3 Be6 17. Bxe6 Kxe6 18. Nf5 Kf6 19. Rd1 Rad8 20. Ke2 Nc5 21.
f3 Ne6 22. g3 g6 23. Ne3 Ke7 24. c3 f6 25. Ng4 h5 26. Ne3 Nc5 27. Nc4 b6 28. b3
Ke6 29. h4 f5 30. Ke3 Nb7 31. Rhe1 b5 32. Nb2 Rxd1 33. Rxd1 f4+ 34. gxf4 Rxf4
35. Rh1 a5 36. Nd3 Rf8 37. f4 exf4+ 38. Nxf4+ Kf7 39. Rg1 Rg8 40. Nh3 Nd6 41.
Rf1+ Ke7 42. Ng5 Rd8 43. Nf3 Nf7 44. Nd4 Rd6 45. c4 Ne5 46. Nf3 {Game drawn by
mutual agreement} 1/2-1/2

[Event "Team 45 45 League T48"]
[Site "Internet Chess Club"]
[Date "2011.03.13"]
[Round "5"]
[White "koni"]
[Black "az2112"]
[Result "1-0"]
[WhiteElo "1928"]
[BlackElo "1743"]
[Opening "Réti: King's Indian attack"]
[ECO "A05"]
[Time "12:02:54"]
[TimeControl "2700+45"]

1. Nf3 Nf6 2. g3 g6 3. Bg2 Bg7 4. O-O O-O 5. d3 c5 6. e4 Nc6 7. Nbd2 d6 8. c3 e5
9. a3 Rb8 10. b4 b5 11. Re1 h6 12. Nb3 cxb4 13. axb4 Qc7 14. Bb2 Bb7 15. Na5 Ba8
16. Qb3 d5 17. Nh4 Ne7 18. Ra3 Rfd8 19. Qa2 dxe4 20. dxe4 Rd2 21. Nb3 Rbd8 22.
Nxd2 Rxd2 23. Rxa7 Qb6 24. Rxa8+ Kh7 25. Qa7 {Black resigns} 1-0

[Event "Team 45 45 League T48"]
[Site "Internet Chess Club"]
[Date "2011.03.13"]
[Round "5"]
[White "superbeast"]
[Black "Terte"]
[Result "1-0"]
[WhiteElo "1951"]
[BlackElo "2052"]
[Opening "English: closed system"]
[ECO "A25"]
[Time "13:30:18"]
[TimeControl "2700+45"]

1. c4 e5 2. g3 g6 3. Bg2 Bg7 4. Nc3 Nc6 5. e4 d6 6. Nge2 Be6 7. d3 Qd7 8. Nd5
Nd8 9. f4 c6 10. Ne3 Ne7 11. O-O O-O 12. d4 exd4 13. Nxd4 f5 14. exf5 Nxf5 15.
Nexf5 gxf5 16. b3 c5 17. Nxe6 Nxe6 18. Rb1 Bd4+ 19. Kh1 Qg7 20. Bd5 Rf6 21. b4
Kh8 22. bxc5 Rh6 23. cxd6 Qxg3 24. Qe2 Rg8 25. Bb2 Qg7 26. Bxd4 Nxd4 27. Qe5 Ne6
28. Rxb7 Qxe5 29. fxe5 {Black resigns} 1-0

[Event "Team 45 45 League T48"]
[Site "Internet Chess Club"]
[Date "2011.03.15"]
[Round "5"]
[White "mugurelt"]
[Black "rayonline53"]
[Result "1-0"]
[WhiteElo "1764"]
[BlackElo "1593"]
[Opening "English opening"]
[ECO "A16"]
[Time "16:30:39"]
[TimeControl "2700+45"]

1. c4 Nf6 2. Nc3 c5 3. Nf3 g6 4. d4 Bg7 5. e4 cxd4 6. Nxd4 d6 7. Be2 O-O 8. O-O
Nc6 9. Nxc6 bxc6 10. f4 Bb7 11. Kh1 c5 12. Bf3 Rb8 13. Be3 Qa5 14. Rb1 Ba6 15.
Be2 Rb7 16. Bd2 Qc7 17. Qa4 Rb6 18. e5 dxe5 19. fxe5 Qxe5 20. Bf4 Qe6 21. Rbe1
Rb4 22. Qa5 Qb6 23. Qxb6 axb6 24. b3 e6 25. Be5 Nd7 26. Bxg7 Kxg7 27. Rb1 Ne5
28. a3 Nxc4 29. axb4 Nd2 30. Bxa6 cxb4 31. Na4 Rb8 32. Bb5 {Black resigns} 1-0

[Event "Team 45 45 League T48"]
[Site "Internet Chess Club"]
[Date "2011.03.13"]
[Round "5"]
[White "nursey"]
[Black "Victorianum"]
[Result "1-0"]
[WhiteElo "1590"]
[BlackElo "1776"]
[Opening "Nimzo-Indian: 4.e3, main line with ...c5"]
[ECO "E53"]
[Time "13:32:40"]
[TimeControl "2700+45"]

1. d4 Nf6 2. c4 e6 3. Nc3 Bb4 4. e3 O-O 5. Bd3 c5 6. Nf3 d5 7. cxd5 exd5 8. dxc5
Bxc5 9. O-O Nc6 10. b3 a6 11. Bb2 Bg4 12. Rc1 Ba7 13. h3 Bh5 14. Re1 Re8 15. g4
Bg6 16. Bxg6 fxg6 17. g5 Ne4 18. Qxd5+ Qxd5 19. Nxd5 Rad8 20. Red1 Rf8 21. Nf4
Rfe8 22. Rxd8 Rxd8 23. Ne6 Rd7 24. h4 Rf7 25. Rc4 Nd6 26. Rf4 Nf5 27. e4 Nd6 28.
e5 Nf5 29. Rc4 Ne3 30. fxe3 Rxf3 31. Nd4 Rxe3 32. Nxc6 bxc6 33. Kf1 Rf3+ 34. Ke1
Rf2 35. Bc3 Kf7 36. Rxc6 Be3 37. e6+ Ke8 38. Rxa6 Bc5 39. Bxg7 Rh2 40. Ra8+ Ke7
41. Bf8+ Kxe6 42. Bxc5 Rxh4 43. Re8+ Kd5 44. Bf2 Rh1+ 45. Kd2 Rh2 46. Rd8+ Ke6
47. Ke3 Rg2 48. Rh8 Rxg5 49. Rxh7 Rc5 50. Rg7 Kf6 51. Kd3 Rd5+ 52. Kc4 Rd2 53.
Be3 Rxa2 54. Bd4+ Kf5 55. b4 g5 56. b5 Ra4+ 57. Kc5 {Black resigns} 1-0

[Event "Team 45 45 League T48"]
[Site "Internet Chess Club"]
[Date "2011.03.12"]
[Round "5"]
[White "BanjoStu"]
[Black "Giacometti"]
[Result "1/2-1/2"]
[WhiteElo "1540"]
[BlackElo "1733"]
[Opening "English: Anglo-Dutch defense"]
[ECO "A10"]
[Time "09:00:37"]
[TimeControl "2700+45"]

1. c4 f5 2. Nc3 Nf6 3. Nf3 g6 4. d3 Bg7 5. g3 O-O 6. Bg2 d6 7. O-O e5 8. b4 Nbd7
9. Qb3 c5 10. b5 Rb8 11. a4 b6 12. Ng5 Qe8 13. a5 h6 14. Nf3 Bb7 15. axb6 axb6
16. Ra7 e4 17. Nh4 Kh7 18. dxe4 Nxe4 19. Nxe4 fxe4 20. Qc2 g5 21. Ng6 Rf6 22.
Rxb7 Rxb7 23. Bxe4 Rb8 24. Ne7+ Kh8 25. Ng6+ Kh7 26. Ne7+ Kh8 27. Ng6+ Kh7 {Game
drawn by repetition} 1/2-1/2

[Event "Team 45 45 League T48"]
[Site "Internet Chess Club"]
[Date "2011.03.10"]
[Round "5"]
[White "charles-allen"]
[Black "Deckfuel"]
[Result "1-0"]
[WhiteElo "1877"]
[BlackElo "1812"]
[Opening "Sicilian defense"]
[ECO "B40"]
[Time "07:00:39"]
[TimeControl "2700+45"]

1. e4 c5 2. Nf3 e6 3. c3 d5 4. exd5 exd5 5. d4 Nc6 6. Be3 cxd4 7. Nxd4 Nf6 8.
Be2 Bd6 9. Nd2 O-O 10. O-O h6 11. N2f3 Ng4 12. Bc1 Re8 13. h3 Nge5 14. Nxe5 Bxe5
15. Nf3 Bc7 16. Be3 Qd6 17. Re1 Ne5 18. g3 g5 19. Nxe5 Rxe5 20. Bd4 Re4 21. Bf1
Bd7 22. Bg2 Rxe1+ 23. Qxe1 Re8 24. Qd2 a6 25. Re1 Rxe1+ 26. Qxe1 Be6 27. Qe3 Qd7
28. h4 Bd8 29. hxg5 hxg5 30. Qf3 Qe7 31. Qh5 f6 32. Qh1 Qf7 33. Bf3 g4 34. Bg2
b5 35. Qh6 Be7 36. Qf4 Kg7 37. Qc7 b4 38. Qa7 bxc3 39. Bxc3 d4 40. Qxd4 Bxa2 41.
Qxg4+ Qg6 42. Qxg6+ Kxg6 43. Bf1 Bb3 44. Bxa6 Bc5 45. Bd3+ Kf7 46. Kg2 Ke6 47.
g4 Kf7 48. Be4 Ke6 49. f4 Bd6 50. Bf5+ Kf7 51. Kf3 Bd1+ 52. Ke3 Bb3 53. g5 fxg5
54. fxg5 Be7 55. Kf4 Bd6+ 56. Be5 Bb4 57. g6+ Kg8 58. Bd7 Be1 59. Kg5 Ba5 60. g7
Kf7 61. Kh6 Bd2+ 62. Kh7 Ke7 63. Bf5 Bb4 64. g8=Q Bxg8+ 65. Kxg8 Ke8 66. Kg7 Ke7
67. Kg6 Bd2 68. Kh5 Bb4 69. Kg4 Kd8 70. Kf3 Bc5 71. Ke4 Bg1 72. Kd5 Bb6 73. Kc6
Be3 74. b4 Ke7 75. b5 Kf7 76. Bd6 Kf6 77. Bd7 Ba7 78. Bc5 Bb8 79. b6 Bf4 80. Bd6
Be3 81. b7 Ba7 82. Kc7 Kf7 83. Kc8 Kf6 84. Bc5 Bxc5 85. b8=Q Be7 86. Qf4+ Kg7
87. Be6 Bf6 88. Qg4+ Kh6 89. Bf5 Bg5 90. Qh3+ Kg7 91. Qh7+ Kf6 92. Qg6+ Ke7 93.
Qxg5+ Ke8 94. Bg6+ Kf8 95. Qf6+ Kg8 96. Qf7+ Kh8 97. Qh7# {Black checkmated} 1-0